Map: Ley Lines

Players

ByuN

  • Race: Terran Terran
  • Spawn Location: 1:00

Bunny - Winner!

  • Race: Terran Terran
  • Spawn Location: 7:00

VOD

Have the link to the VOD?

Description

Time

  • Played on: May 29, 2025, 5:56 a.m.
  • Length: 11:23
Show
View Real Time Build Order
Export as new Build Order

ByuN Terran 

Build Orders:  

Get SALT Encoding   

  12  0:00  SCV  
  13  0:12  SCV  
  14  0:17  Supply Depot  
  14  0:24  SCV  
  15  0:38  SCV  
  15  0:39  Barracks  
  15  0:42  Refinery  
  16  0:50  SCV  
  17  0:58  Barracks  
  17  1:02  SCV  
  18  1:08  Refinery  
  18  1:14  SCV  
  19  1:26  Reaper  
  19  1:29  Orbital Command  
  20  1:38  Supply Depot  
  20  1:45  Reaper  
  21  1:55  SCV  
  21  1:58  Reaper  
  23  2:07  Factory, SCV  
  24  2:17  Reaper  
  24  2:21  SCV  
  26  2:31  Reaper  
  26  2:33  SCV  
  28  2:44  Command Center  
  28  2:52  SCV, Hellion  
  31  3:02  Supply Depot  
  31  3:05  SCV  
  30  3:07  Reaper  
  31  3:18  Factory Tech Lab  
  30  3:24  SCV  
  31  3:29  Starport  
  31  3:36  SCV  
  31  3:37  Cyclone  
  31  3:40  Barracks Reactor  
  31  3:41  Barracks Tech Lab  
  36  3:48  SCV  
  36  3:54  Refinery  
  36  3:57  Orbital Command  
  36  4:00  Marine  
  38  4:02  SCV  
  38  4:05  Liberator  
  41  4:10  Cyclone  
  41  4:14  SCV  
  45  4:17  Marine x2  
  45  4:18  Marine  
  48  4:24  Supply Depot  
  48  4:26  SCV  
  48  4:27  SCV  
  50  4:38  SCV  
  50  4:39  Marine, SCV  
  50  4:43  Marine  
  54  4:46  Siege Tank, Marine  
  54  4:49  Supply Depot  
  54  4:50  Stimpack  
  58  4:53  Starport Reactor  
  58  4:55  SCV  
  58  4:56  SCV  
  60  5:06  Marine x2  
  62  5:10  Marine, SCV x2  
  62  5:12  Supply Depot  
  65  5:20  Siege Tank  
  66  5:23  SCV x2  
  66  5:24  Marine x2  
  70  5:34  Marine  
  71  5:37  SCV  
  71  5:38  SCV  
  73  5:44  Supply Depot  
  73  5:45  Command Center  
  73  5:46  Medivac  
  73  5:48  Medivac  
  77  5:51  SCV  
  77  5:56  Marine x2, SCV  
  81  6:00  Siege Tank  
  81  6:04  Marine  
  82  6:17  Barracks, SCV x2  
  84  6:20  Marine x2  
  84  6:22  Marine  
  87  6:30  Combat Shield  
  87  6:37  Engineering Bay x2, Siege Tank  
  87  6:38  SCV x2  
  92  6:47  Supply Depot, Marine  
  92  6:48  Marine  
  92  6:52  Bunker  
  94  6:57  Marauder, SCV  
  97  7:02  Medivac x2, SCV  
  102  7:09  Terran Infantry Weapons Level 1, Terran Infantry Armor Level 1, SCV  
  102  7:15  Marine, SCV x2  
  104  7:16  Marine  
  104  7:19  Marauder  
  108  7:24  Barracks Tech Lab, Siege Tank  
  108  7:29  SCV x2  
  111  7:41  SCV  
  111  7:42  Marauder  
  111  7:43  Marine x2  
  104  7:47  Marauder  
  99  7:52  SCV  
  99  7:53  Barracks, SCV  
  99  7:54  Barracks  
  101  7:58  Supply Depot  
  101  8:04  Marauder, Marine x2, SCV  
  101  8:05  Siege Tank, SCV  
  110  8:08  Concussive Shells  
  110  8:15  Refinery  
  110  8:16  SCV  
  110  8:18  SCV  
  107  8:27  Marauder, Marine  
  106  8:28  SCV  
  106  8:30  SCV  
  110  8:41  SCV  
  108  8:42  Marauder, SCV, Barracks Tech Lab x2  
  108  8:45  Medivac x2  
  108  8:48  Marauder  
  114  8:52  Siege Tank  
  114  8:53  SCV  
  114  8:54  SCV  
  114  9:03  Marauder  
  114  9:04  Marauder  
  114  9:06  SCV  
  114  9:08  SCV  
  117  9:27  SCV  
  117  9:46  Marauder x2, Marine x2, SCV x2  
  125  9:59  Orbital Command  
  125  10:06  Supply Depot x2  
  125  10:27  Marine x2  
  125  10:28  Marauder x4, SCV x2, Medivac  
  139  10:34  SCV  
  117  10:40  SCV x2  
  94  10:43  Medivac  
  94  10:49  Marauder  
  91  10:50  Marine  
  91  10:51  Marauder x2  
  91  10:52  Orbital Command, SCV x2  
  91  10:53  Marauder  
  100  10:58  Marine  
  101  11:04  SCV x2  
  105  11:11  Armory  
Show
View Real Time Build Order
Export as new Build Order

Bunny Terran - Winner!

Build Orders: Mech 

Get SALT Encoding   

  12  0:00  SCV  
  13  0:12  SCV  
  14  0:16  Supply Depot  
  14  0:24  SCV  
  15  0:38  SCV  
  15  0:39  Barracks  
  16  0:43  Refinery  
  16  0:50  SCV  
  16  0:51  Refinery  
  17  1:02  SCV  
  18  1:14  SCV  
  19  1:26  Orbital Command, Reaper  
  19  1:31  Supply Depot  
  20  1:39  Factory  
  20  1:52  SCV  
  21  1:58  Reaper  
  22  2:04  SCV  
  23  2:13  Command Center  
  23  2:16  SCV  
  24  2:23  Hellion  
  24  2:28  SCV  
  27  2:30  Barracks Reactor  
  27  2:34  Supply Depot  
  27  2:40  SCV  
  28  2:44  Hellion  
  30  2:52  SCV  
  30  2:53  Starport  
  31  3:04  SCV  
  31  3:08  Factory Tech Lab, Marine  
  31  3:09  Marine  
  33  3:16  SCV  
  34  3:20  Refinery  
  34  3:25  Orbital Command  
  34  3:28  SCV  
  34  3:29  Starport Tech Lab  
  34  3:33  Cyclone  
  38  3:39  Marine  
  38  3:40  Marine, SCV  
  41  3:48  Raven, Interference Matrix  
  43  3:50  SCV  
  43  3:53  SCV  
  45  4:03  SCV  
  45  4:05  Supply Depot, Siege Tank  
  45  4:08  SCV  
  50  4:11  Marine x2, Refinery  
  50  4:16  SCV  
  53  4:20  SCV  
  54  4:27  Supply Depot x2, Raven  
  54  4:28  SCV  
  57  4:32  SCV  
  57  4:37  Factory  
  58  4:41  Factory  
  58  4:43  SCV  
  58  4:44  SCV  
  60  4:51  Siege Tank  
  63  4:54  Supply Depot  
  63  4:55  SCV  
  63  4:57  SCV  
  63  4:58  Barracks Reactor  
  65  5:09  SCV x2  
  65  5:10  Armory  
  67  5:19  Viking  
  67  5:20  Supply Depot  
  67  5:21  Hellion  
  68  5:25  Hellion  
  65  5:36  Siege Tank  
  65  5:38  SCV  
  65  5:40  Siege Tank  
  72  5:43  SCV  
  72  5:47  Hellion  
  75  5:50  SCV  
  75  5:53  Hellion  
  78  6:02  Viking  
  78  6:03  Viking  
  80  6:05  Infernal Pre-Igniter  
  80  6:11  Siege Tank  
  83  6:16  SCV x2  
  83  6:18  Hellion  
  90  6:29  Supply Depot  
  90  6:30  Siege Tank  
  90  6:32  Viking  
  92  6:39  Viking  
  94  6:46  Supply Depot x2  
  94  6:50  Siege Tank  
  94  6:53  Hellion x2  
  101  7:04  Supply Depot  
  101  7:07  Viking  
  103  7:09  Viking  
  103  7:14  Siege Tank  
  106  7:17  Hellion x2  
  106  7:20  SCV x2  
  106  7:22  Supply Depot  
  112  7:24  Siege Tank  
  114  7:37  Viking  
  116  7:46  Hellion x2  
  116  7:49  Viking  
  116  7:51  SCV x2  
  122  7:58  Supply Depot  
  122  8:03  Siege Tank  
  125  8:09  Viking  
  127  8:16  Command Center  
  125  8:20  Hellion  
  125  8:21  Siege Tank  
  126  8:31  SCV x2  
  128  8:40  Cyclone  
  131  8:45  Viking, Hellion x2  
  131  8:47  Supply Depot  
  137  8:53  Cyclone, Viking  
  142  8:58  Supply Depot x2  
  142  9:03  Terran Vehicle Weapons Level 1  
  142  9:09  SCV x2, Hellion x2  
  148  9:18  Supply Depot  
  148  9:19  Siege Tank  
  151  9:27  Siege Tank  
  151  9:31  Orbital Command  
  154  9:38  Hellion  
  158  9:40  Hellion  
  158  9:44  Liberator  
  161  9:46  SCV x2  
  163  9:53  Siege Tank  
  163  9:59  Hellion  
  168  10:00  Viking  
  168  10:01  Orbital Command  
  168  10:05  Hellion  
  172  10:10  SCV x2  
  174  10:19  Refinery  
  174  10:22  Siege Tank  
  174  10:23  Refinery  
  174  10:28  Siege Tank  
  144  10:46  SCV x3  
  144  10:48  Hellion x2  
  149  10:53  Engineering Bay  
  152  10:59  Factory x2  
  157  11:13  Supply Depot  
  157  11:14  Supply Depot  
Tags
 
Composition
Mech
Matchup
TvT
Race
Terran
Spawn Locations
Cross Positions
Add a new tag
Caveats
  • Supply blocks, unpowered buildings, or Contaminate may cause inaccurate times.
  • Supply counts are checked every 10 seconds.